 Dungeon Crawl Stone Soup version 0.15-a0-2374-gaadabb3 (webtiles) character file.

312 Ololoev the Caller (level 6, -1/41 HPs)
             Began as a Mummy Summoner on July 31, 2014.
             Slain by a gnoll
             ... wielding a +0 halberd
              (9 damage)
             ... on Level 4 of the Dungeon on Aug 1, 2014.
             The game lasted 00:22:48 (6193 turns).

Ololoev the Caller (Mummy Summoner)                 Turns: 6193, Time: 00:22:48

HP  -1/41        AC  2     Str 11      XL: 6   Next: 18%
MP   0/12        EV 11     Int 16      God:
Gold 185         SH  4     Dex 15      Spells:  3 memorised,  5 levels left

rFire  x . .     SeeInvis .     g - +4 dagger (speed)
rCold  + . .     Clarity  .     a - +0 robe
rNeg   + + +     rCorr    .     i - +0 buckler
rPois  +         rRot     +     (no helmet)
rElec  .         Spirit   .     (no cloak)
SustAb .         Warding  .     (no gloves)
rMut   .         Stasis   .     (no boots)
Gourm  .                        (no amulet)
MR     .....                    (no ring)
                                f - +3 ring of dexterity

@: not resistant to hostile enchantments, unstealthy
A: no food or potions, fire vulnerability, restore body, cold resistance 1,
negative energy resistance 3, poison resistance, torment resistance, unbreathing
a: no special abilities


You were on level 4 of the Dungeon.
You were not hungry.

You visited 1 branch of the dungeon, and saw 4 of its levels.

You collected 185 gold pieces.

Inventory:

Hand weapons
 g - a +4 dagger of speed (weapon)
Armour
 a - a +0 robe (worn)
 i - a +0 buckler (worn)
Magical devices
 e - a wand of lightning (5)
Scrolls
 c - a scroll of magic mapping
 d - 3 scrolls of fear
 h - 3 scrolls of identify
 j - a scroll of amnesia {unknown}
Jewellery
 f - a +3 ring of dexterity (left hand)
Books
 b - a book of Callings

   Spells                             Type                      Level
   *Summon Small Mammal               Summoning                    1
   *Call Imp                          Summoning                    2
   *Call Canine Familiar              Summoning                    3
   Summon Guardian Golem              Hexes/Summoning              4
   Summon Lightning Spire             Summoning/Air                4
   Summon Ice Beast                   Ice/Summoning                4


   Skills:
 + Level 1.6 Short Blades
 - Level 1.5 Dodging
 - Level 1.5 Stealth
 - Level 1.0 Shields
 - Level 3.0 Spellcasting
 * Level 5.3 Summonings


You had 5 spell levels left.
You knew the following spells:

 Your Spells              Type           Power        Failure   Level  Hunger
a - Summon Small Mammal   Summ           ###.         1%          1    N/A
b - Call Imp              Summ           ###.....     3%          2    N/A
c - Call Canine Familiar  Summ           ###.....     8%          3    N/A

Dungeon Overview and Level Annotations

Branches:
Dungeon (4/15)
 Temple: D:4-7

Altars:
Ashenzari
Cheibriados
Elyvilon


Innate Abilities, Weirdness & Mutations

You do not eat or drink.
Your flesh is vulnerable to fire.
Your flesh is cold resistant.
You are immune to negative energy.
Your system is resistant to poisons.
You are immune to unholy pain and torment.
You can survive without breathing.


Message History

A beastly little devil appears in a puff of flame.
The gnoll misses your crimson imp. Something hits your hound!
Your hound dies!
Your hound's corpse disappears in a puff of smoke!
Your crimson imp closely misses the ogre.
Your crimson imp hits the gnoll but does no damage.
The gnoll shaman barely misses your crimson imp.
Your crimson imp hits the gnoll shaman.
The gnoll closely misses you. Something hits your crimson imp!
Something closely misses your crimson imp.
The gnoll hits you from afar with a halberd!
You are no longer glowing.
The gnoll hits you from afar with a halberd!
* * * LOW HITPOINT WARNING * * *
The gnoll hits you from afar with a halberd.
* * * LOW HITPOINT WARNING * * *
Casting: Call Imp
Confirm with . or Enter, or press ? or * to list all spells.
The gnoll hits you from afar with a halberd!
You die...

....###...#.......##..# #.# ...#
.(#.##......#######..####.#......
.##.#...)%............)..........
##(.........%.%)#...............
#.................#########..
#...!......###.#.#######
#.#......#.##..........##
#.#..#.....##h###.####..########
##.##...<...)).%@.g..............
...###...##.#.###....#####.......
##..#..............O...5.........
##..##...##............##########
##...#....##.###....).## #.O.
.....(.......####....#########.##
....##....P.....................§
######..>≈≈≈≈≈≈≈≈≈≈≈≈≈≈≈≈≈≈≈gg.%≈
#...≈≈≈≈≈≈≈≈≈≈≈≈≈≈≈≈≈≈≈.§..≈


You could see an ogre, a gnoll, a friendly hound and a friendly crimson imp.

Vanquished Creatures
  A gnoll shaman (D:4)
  An iguana (D:4)
  3 adders
  3 gnolls (D:4)
  An ooze (D:3)
  4 bats
  5 giant cockroaches
  8 goblins
  3 hobgoblins
  4 jackals
  5 kobolds
  2 quokkas (D:3)
  A ball python (D:3)
  3 giant geckos
  3 giant newts
  4 rats
51 creatures vanquished.

Vanquished Creatures (collateral kills)
  Sigmund (D:2)
  A hound (D:4)
  2 orc wizards (D:3)
  A worker ant (D:4)
  Ijyb (D:2)
  6 gnolls (D:4)
  An adder (D:4)
  A worm (D:2)
  2 giant geckos (D:1)
  An ooze (D:4)
  2 orcs (D:3)
  2 bats (D:1)
  A giant cockroach (D:2)
  A goblin (D:4)
  2 hobgoblins
  2 jackals (D:4)
  A giant newt (D:2)
  5 kobolds
  4 rats (D:1)
37 creatures vanquished.

Vanquished Creatures (others)
  3 crimson imps
  5 hounds
  A white imp (D:3)
  2 rats (D:1)
11 creatures vanquished.

Grand Total: 99 creatures vanquished

Notes
Turn   | Place    | Note
--------------------------------------------------------------
     0 | D:1      | Ololoev, the Mummy Summoner, began the quest for the Orb.
     0 | D:1      | Reached XP level 1. HP: 13/13 MP: 3/3
   652 | D:1      | Reached XP level 2. HP: 4/19 MP: 1/4
   688 | D:1      | Learned a level 2 spell: Call Imp
  2016 | D:2      | Reached skill level 4 in Summonings
  2016 | D:2      | Reached XP level 3. HP: 24/24 MP: 3/6
  2041 | D:2      | Learned a level 3 spell: Call Canine Familiar
  2043 | D:2      | Found a snail-covered altar of Cheibriados.
  2583 | D:2      | Noticed Sigmund
  2889 | D:2      | Noticed Ijyb
  2915 | D:2      | Killed Ijyb
  3260 | D:2      | Reached XP level 4. HP: 30/30 MP: 7/7
  3433 | D:2      | Killed Sigmund
  3549 | D:2      | Found a white marble altar of Elyvilon.
  4218 | D:3      | Reached XP level 5. HP: 33/35 MP: 6/11
  5115 | D:3      | Reached skill level 1 in Shields
  5375 | D:4      | Reached skill level 5 in Summonings
  5532 | D:4      | Reached skill level 1 in Short Blades
  5643 | D:4      | Upgraded the game from 0.15-a0-2352-g26abbdd to 0.15-a0-2374-gaadabb3
  5666 | D:4      | Found a shattered altar of Ashenzari.
  5737 | D:4      | Reached XP level 6. HP: 25/41 MP: 12/12
  6149 | D:4      | Noticed an ogre
  6193 | D:4      | Slain by a gnoll

Action                   |  1- 3 |  4- 6 || total
-------------------------+-------+-------++-------
Melee: Unarmed           |    75 |       ||    75
       Hunting sling     |     1 |       ||     1
       Dagger            |   140 |   146 ||   286
 Cast: Summon Small Mamm |    11 |       ||    11
       Call Imp          |     6 |    23 ||    29
       Call Canine Famil |     5 |    13 ||    18
Evoke: Wand              |       |     1 ||     1
  Use: Scroll            |     5 |     4 ||     9
 Stab: Sleeping          |     1 |     1 ||     2
       Distracted        |       |     1 ||     1
